 Dungeon Crawl Stone Soup version 0.14-a0-2052-gb76ddfe (webtiles) character file.

83 Bloax the Insei (level 2, 0/27 HPs)
             Began as a Hill Orc Monk on Jan 20, 2014.
             Slain by a hobgoblin
             ... wielding a +0,+0 club
              (2 damage)
             ... on Level 2 of the Dungeon.
             The game lasted 00:02:28 (461 turns).

Bloax the Insei (Hill Orc Monk)                      Turns: 461, Time: 00:02:29

HP   0/27        AC  2     Str 13      XL: 2   Next: 58%
MP   2/2         EV 13     Int 10      God:
Gold 67          SH  0     Dex 13      Spells:  0 memorised,  1 level left

rFire  . . .     SeeInvis .       - Unarmed
rCold  . . .     Clarity  .     a - +0 orc robe
rNeg   . . .     Conserve .     (no shield)
rPois  .         rCorr    .     (no helmet)
rElec  .         rRot     .     (no cloak)
SustAb . .       Spirit   .     (no gloves)
rMut   .         Warding  .     (no boots)
Saprov + . .     Stasis   .     (no amulet)
MR     .....                    (no ring)
                                (no ring)

@: not resistant to hostile enchantments, fairly stealthy
A: saprovore 1
a: no special abilities


You were on level 2 of the Dungeon.
You were not hungry.

You visited 1 branch of the dungeon, and saw 2 of its levels.

You collected 67 gold pieces.


Innate Abilities, Weirdness & Mutations

You can tolerate rotten meat.


   Skills:
 + Level 4.0 Fighting
 + Level 2.6 Dodging
 - Level 1.5 Stealth
 * Level 4.7 Unarmed Combat


You had one spell level left.
You didn't know any spells.

Dungeon Overview and Level Annotations

Branches:
Dungeon (2/16)

Altars:

Inventory:

Armour
 a - a +0 orcish robe (worn)
Comestibles
 b - 3 meat rations
Scrolls
 c - a scroll of teleportation {unknown}
 f - 2 scrolls of fog {unknown}
 g - a scroll of identify {unknown}
 h - a scroll of amnesia {unknown}
 k - a scroll of remove curse {unknown}
Potions
 d - a potion of speed {unknown}
 e - a potion of paralysis {unknown}
 j - a potion of cure mutation {unknown}
 l - a potion of poison {unknown}

#.##.##### #.##.##...
################.##......
.....................b....
#######...######%...#....#.
...........#
#.......#.#.... #######...#
#.......#.#....
...####.####....####.#....
..........@g......(........
.....##...K####.##########
##.. #....# #.########## #.
#.#######........... #
#.####....<......###
#........<..%....#
#####....###.##### #...#
#........ #... #...##...


You could see a hobgoblin and a kobold.


Message History

You barely miss the jackal. The jackal bites you.
* * * LOW HITPOINT WARNING * * *
You hit the jackal.
You kill the jackal!
The kobold throws a dart.
The dart hits you!
* * * LOW HITPOINT WARNING * * *
The kobold hits you.
* * * LOW HITPOINT WARNING * * *
Things that are here:
a jackal corpse You closely miss the kobold.
The kobold barely misses you.
You punch the kobold!
You kill the kobold!
Things that are here:
3 darts; a kobold corpse; a jackal corpse You now have 67 gold pieces (gained 6).
Things that are here:
3 darts; a kobold corpse; a jackal corpse
Things that are here:
a jackal corpse
Things that are here:
a dart; a rat corpse A rat comes into view.
The rat bites you.
* * * LOW HITPOINT WARNING * * *
You hit the rat but do no damage. The rat misses you.
You hit the rat.
The rat is moderately wounded.
The rat closely misses you.
You hit the rat.
You kill the rat!
You see here a rat corpse.
A hobgoblin comes into view. It is wielding a club.
A kobold comes into view. It is wielding a whip.
The kobold shouts!
The hobgoblin shouts!
Throwing (i - inventory):
i - 2 javelins (quivered)
Aim: a hobgoblin, wielding a club You throw a javelin.
The javelin misses the hobgoblin.
The javelin misses the kobold.
The hobgoblin misses you.
Unknown command.
Throwing (i - inventory):
i - a javelin (quivered)
Aim: a hobgoblin, wielding a club You throw a javelin.
The javelin misses the hobgoblin.
The javelin misses the kobold.
The hobgoblin closely misses you.
Unknown command.
Enter note: HOMo misadventures
Found 18 arrows.
You see here 2 javelins.
i - 2 javelins The hobgoblin hits you with a club.
* * * LOW HITPOINT WARNING * * *
Unknown command.
Throwing (i - inventory):
i - 2 javelins (quivered)
Aim: a hobgoblin, wielding a club You throw a javelin.
The javelin misses the hobgoblin.
The javelin misses the kobold.
Unknown command.
Throwing (i - inventory):
i - a javelin (quivered)
Aim: a hobgoblin, wielding a club You throw a javelin.
The javelin hits the hobgoblin.
The hobgoblin is almost dead.
The hobgoblin hits you with a club.
* * * LOW HITPOINT WARNING * * *
Unknown command.
You barely miss the hobgoblin.
The hobgoblin is almost dead.
The kobold hits you with a whip.
* * * LOW HITPOINT WARNING * * *
The hobgoblin hits you with a club.
You die...

Action                   || total
-------------------------++-------
Melee: Unarmed           ||    57
Throw: Javelin           ||     4

Vault maps used:
D:1:      minmay_arrival_diagonal_passages
D:2:      xom_butterflies, uniq_crazy_yiuf_cottage

Notes
Turn   | Place    | Note
--------------------------------------------------------------
     0 | D:1      | Bloax, the Hill Orc Monk, began the quest for the Orb.
     0 | D:1      | Reached XP level 1. HP: 19/19 MP: 1/1
   135 | D:1      | HP: 4/20 [goblin/orcish club (3)]
   136 | D:1      | Reached XP level 2. HP: 5/27 MP: 2/2
   380 | D:2      | Reached skill level 4 in Fighting
   385 | D:2      | HP: 5/27 [kobold (2)]
   413 | D:2      | HP: 4/27 [rat (3)]
   443 | D:2      | HOMo misadventures
   456 | D:2      | HP: 6/27 [hobgoblin/club (2)]
   461 | D:2      | HP: 2/27 [kobold/whip (3)]
   461 | D:2      | Slain by a hobgoblin

Vanquished Creatures
  A giant gecko (D:1)
  2 goblins (D:1)
  A hobgoblin (D:1)
  4 jackals (D:2)
  2 bats
  A giant newt (D:1)
  A kobold (D:2)
  4 rats
16 creatures vanquished.
